 Dungeon Crawl Stone Soup version 0.28-a0-895-g6e5f11bd55 (webtiles) character file.

Game seed: 899114610597988379

1112 Turgor the Chiller (level 8, -3/67 HPs)
             Began as a Ghoul Ice Elementalist on Nov 22, 2021.
             Slain by Maggie (5 damage)
             ... on level 7 of the Dungeon.
             The game lasted 00:41:59 (7418 turns).

Turgor the Chiller (Ghoul Ice Elementalist)         Turns: 7418, Time: 00:41:59

Health: -3/67      AC:  8    Str: 12    XL:     8   Next: 33%
Magic:  9/14       EV: 11    Int: 12    God:
Gold:   314        SH:  0    Dex:  9    Spells: 10/17 levels left

rFire   . . .      SeeInvis .   n - +0 dagger (vamp)
rCold   + . .      Faith    .   (no shield)
rNeg    + + +      Spirit   .   f - +0 leather armour
rPois   ∞          Reflect  .   (no helmet)
rElec   .          Harm     .   (no cloak)
rCorr   .          Rampage  .   m - +0 pair of gloves
Will    .....                   (no boots)
Stlth   +.........              (no amulet)
HPRegen 0.00/turn               (no ring)
MPRegen 0.14/turn               (no ring)

@: ice-armoured, mesmerised, inhibited regen
A: claws 1, cold resistance 1, negative energy resistance 3, inhibited
regeneration, torment resistance 2
a: no special abilities


You were on level 7 of the Dungeon.
You visited 1 branch of the dungeon, and saw 7 of its levels.

You collected 314 gold pieces.

Inventory:

Hand Weapons
 g - a +0 vampiric whip
 i - a +0 hunting sling
 n - a +0 vampiric dagger (weapon)
 t - a +4 dagger
Missiles
 d - 119 stones
 j - 9 silver boomerangs
 k - 26 sling bullets
Armour
 f - a +0 leather armour (worn)
 m - a +0 pair of gloves (worn)
Magical Staves
 c - a staff of death
Jewellery
 b - a ring of flight
Scrolls
 a - a scroll of teleportation
 h - a scroll of noise {unknown}
 o - 2 scrolls of vulnerability {unknown}
 s - a scroll of enchant weapon {unknown}
 x - a scroll of identify
Potions
 e - 3 potions of curing
 l - a potion of attraction
 p - a potion of haste
 q - a potion of might {unknown}
 r - 2 potions of resistance {unknown}
 u - a potion of degeneration {unknown}
 v - a potion of mutation {unknown}
 w - a potion of ambrosia {unknown}
 z - a potion of berserk rage {unknown}


   Skills:
 + Level 4.4 Fighting
 + Level 0.4 Armour
 - Level 2.0 Dodging
 - Level 2.1 Stealth
 * Level 5.2 Spellcasting
 * Level 7.9 Ice Magic


You had 10 spell levels left.
You knew the following spells:

 Your Spells              Type           Power      Damage    Failure   Level
a - Freeze                Ice            88%        1d10      1%          1
b - Frozen Ramparts       Ice            44%        1d6       3%          3
c - Ozocubu's Armour      Ice            22%        N/A       3%          3

Your spell library contained the following spells:

 Spells                   Type           Power      Damage    Failure   Level
 Shock                    Conj/Air       12%        1d3       26%         1
 Hailstorm                Conj/Ice       12%        3d5       43%         4
 Conjure Flame            Conj/Fire      3%         6-21      58%         3
 Ignite Poison            Fire/Tmut/Pois 3%         N/A       58%         3
 Swiftness                Air            3%         N/A       58%         3
 Airstrike                Air            1%         N/A       94%         4
 Sticky Flame             Conj/Fire      3%         2d3       94%         4
 Borgnjor's Revivificati  Necr           Unusable   N/A       N/A         8
 Necromutation            Tmut/Necr      Unusable   N/A       N/A         8
 Death's Door             Necr           Unusable   N/A       N/A         9

Dungeon Overview and Level Annotations

Branches:
Dungeon (7/15)
 Temple: D:4-7

Altars:
Cheibriados
Dithmenos
Fedhas
Hepliaklqana
Kikubaaqudgha
Qazlal
Trog
The Shining One

Annotations:
D:2 Sigmund
D:4 2 transporters, qborf's ghost, novice KoHu
D:5 3 runed translucent doors, sanka's ghost, amateur PaAK
D:7 Maggie


Innate Abilities, Weirdness & Mutations

You thrive by killing the living.
You are immune to poison.
You have sharp fingernails.
Your flesh is cold resistant. (rC+)
You are immune to negative energy. (rN+++)
You do not regenerate when monsters are visible.
You are immune to unholy pain and torment.


Message History

* * * LOW HITPOINT WARNING * * *
You hit Maggie.
Maggie is moderately wounded.
Maggie closely misses you.
Casting: Ozocubu's Armour (dangerous; 3% risk of failure)
Confirm with . or Enter, or press ? or * to list all spells.
A film of ice covers your body! Maggie completely misses you.
Unknown command.
You hit Maggie but do no damage.
Maggie is moderately wounded.
Maggie hits you with a +1 halberd of flaming.
* * * LOW HITPOINT WARNING * * *
Maggie burns you.
* * * LOW HITPOINT WARNING * * *
The heat melts your icy armour.
You hit Maggie but do no damage.
Maggie is moderately wounded.
Maggie casts a spell.
Maggie attempts to bespell you!
You are mesmerised by Maggie!
You hit Maggie but do no damage.
Maggie is moderately wounded.
Maggie closely misses you.
You closely miss Maggie.
Maggie is moderately wounded.
Maggie mumbles some strange words.
Maggie draws you further into her thrall.
You barely miss Maggie.
Maggie is moderately wounded.
Maggie says, "Leave now, and tell all of Margery's mercy!"
Maggie hits you with a +1 halberd of flaming.
* * * LOW HITPOINT WARNING * * *
Maggie burns you.
* * * LOW HITPOINT WARNING * * *
The heat melts your icy armour.
You feel better.
Maggie hits you with a +1 halberd of flaming!
* * * LOW HITPOINT WARNING * * *
Maggie burns you.
You die...

. #### . #+#...#+# .###
#.......##### '#.#
..........#.#+#
####...##.........##...###
.#......+.(....@@.'......#
.#......##..(....##......#
.#.......#.......#.......#
.'.......####+####.......+
.#)......# #.......#
.#......## ##......#
.#.)....+ +......#
####)..## ##...###
...#)#.# #.#'#


You could see Maggie (mesmerising).

Vanquished Creatures
  Eustachio (D:5)
  3 water moccasins
  An ogre (D:6)
  A centaur (D:5)
  A scorpion (D:4)
  A centaur zombie (D:5)
  A jelly (D:4)
  An orc priest (D:7)
  A bullfrog skeleton (D:4)
  A gnoll shaman (D:6)
  An iguana (D:6)
  2 orc wizards
  3 gnolls (D:6)
  7 adders
  2 white imps
  A dart slug (D:5)
  A worm (D:3)
  8 orcs
  3 ball pythons
  10 endoplasms
  A giant cockroach (D:1)
  7 goblins
  7 hobgoblins
  7 jackals
  6 quokkas
  3 bats
  5 frilled lizards
  A goblin skeleton (D:6)
  3 goblin zombies (D:6)
  3 hobgoblin zombies (D:6)
  7 kobolds
  2 orc zombies (D:6)
  8 rats
110 creatures vanquished.

Notes
Turn   | Place    | Note
-------+----------+-------------------------------------------
     0 | D:1      | Turgor the Ghoul Ice Elementalist began the quest for the
                  | Orb.
     0 | D:1      | Reached XP level 1. HP: 14/14 MP: 2/2
   151 | D:1      | Reached XP level 2. HP: 14/22 MP: 0/3
   761 | D:1      | Reached skill level 1 in Fighting
   828 | D:1      | Reached XP level 3. HP: 25/28 MP: 3/5
   955 | D:1      | Found a faded altar of an unknown god.
  1605 | D:2      | Reached skill level 5 in Ice Magic
  1619 | D:2      | Reached XP level 4. HP: 35/35 MP: 3/6
  1676 | D:2      | Learned a level 3 spell: Frozen Ramparts
  1680 | D:2      | Learned a level 3 spell: Ozocubu's Armour
  1747 | D:2      | Noticed Sigmund
  2956 | D:3      | Reached XP level 5. HP: 33/41 MP: 0/8
  3498 | D:4      | Reached XP level 6. HP: 31/50 MP: 0/10
  3618 | D:4      | Found a transporter.
  3622 | D:4      | Noticed qborf's ghost (novice KoHu)
  3763 | D:4      | Reached skill level 6 in Ice Magic
  4100 | D:4      | Found a transporter.
  4343 | D:5      | Entered Level 5 of the Dungeon
  4475 | D:5      | Noticed Eustachio
  4484 | D:5      | Killed Eustachio
  4562 | D:5      | Found a faded altar of an unknown god.
  4562 | D:5      | Found a snail-covered altar of Cheibriados.
  4570 | D:5      | Found a stormy altar of Qazlal.
  4572 | D:5      | Found a shadowy altar of Dithmenos.
  4574 | D:5      | Found a faded altar of an unknown god.
  4609 | D:5      | Reached XP level 7. HP: 20/57 MP: 2/12
  4841 | D:5      | Found a blossoming altar of Fedhas.
  4866 | D:5      | Found an ancient bone altar of Kikubaaqudgha.
  4868 | D:5      | Found a hazy altar of Hepliaklqana.
  4931 | D:5      | Found a runed translucent gate.
  4931 | D:5      | Found a runed translucent gate.
  4932 | D:5      | Found a runed translucent gate.
  4935 | D:5      | Noticed sanka's ghost (amateur PaAK)
  5178 | D:5      | Found a bloodstained altar of Trog.
  5496 | D:5      | Reached skill level 7 in Ice Magic
  6218 | D:6      | Reached XP level 8. HP: 66/66 MP: 10/14
  6304 | D:6      | Reached skill level 5 in Spellcasting
  7402 | D:7      | Noticed Maggie
  7418 | D:7      | HP: 2/67 [Maggie (10)]
  7418 | D:7      | Slain by Maggie

Illustrated notes

Levels and vault maps discovered:
D:1:      elethiomel_arrival_shortcut, layout_loops_corners,
          chequers_ecumenical_altar_simple
D:2:      layout_rooms, st_stairs_4, supply_closet_lemuel,
          grunt_decor_mini_mirrors, uniq_sigmund
D:3:      layout_loops_cross
D:4:      layout_basic, gammafunk_ghost_mausoleum
D:5:      layout_basic, fedhas_altar_3, lemuel_tele_altar,
          chequers_temple_overflow_minitemple,
          mainiacjoe_overflow_catch_the_wave, ebering_ghost_rock_garden,
          uniq_eustachio
D:6:      layout_basic, nicolae_tso_besieged_by_evil, serial_rivers,
          chequers_serial_rivers_marsh, chequers_serial_rivers_micro_b,
          chequers_serial_rivers_room_b, chequers_serial_rivers_micro_d,
          chequers_serial_rivers_small_b
D:7:      nicolae_cairo_tiling_very_big, layout_loops_ring,
          minmay_temple_entry_overgrown, uniq_crazy_yiuf_cottage, uniq_maggie

Skill      XL: |  1  2  3  4  5  6  7  8 |
---------------+-------------------------+-----
Spellcasting   | 2 3 4 5 |  5.2
Dodging        | 2 |  2.0
Fighting       | 1 2 3 4 |  4.4
Ice Magic      | 5 6 7 |  7.9
Armour         | |  0.4
Stealth        | |  2.1

Action                   |  1- 3 |  4- 6 |  7- 9 || total
-------------------------+-------+-------+-------++-------
Melee: Unarmed           |    51 |       |       ||    51
       Whip              |    40 |    40 |       ||    80
       Dagger            |       |    31 |    40 ||    71
 Fire: Hunting sling     |       |    33 |    76 ||   109
 Cast: Freeze            |    39 |    43 |     6 ||    88
       Frozen Ramparts   |       |     9 |    14 ||    23
       Ozocubu's Armour  |       |     1 |     6 ||     7
  Use: Scroll            |       |     4 |     2 ||     6
       Potion            |       |       |     1 ||     1
 Stab: Sleeping          |     7 |     1 |       ||     8
Armor: Robe              |    20 |    20 |    13 ||    53
       Leather armour    |       |       |     1 ||     1
Dodge: Dodged            |    62 |    75 |    28 ||   165

Table legend: (Time is in decaauts)
 A = Elapsed time spent in this place.
 B = Non-inter-level travel time spent in this place.
 C = Inter-level travel time spent in this place.
 D = Time resting spent in this place.
 E = Time spent auto-exploring this place.
 F = Levels seen in this place.
 G = Mean time per level.
                   A        B        C        D        E       F      G
               +--------+--------+--------+--------+--------+-----+--------+
         Total |   7442 |   7191 |    251 |   1179 |   4190 |   7 | 1063.1 |
       Dungeon |   7442 |   7191 |    251 |   1179 |   4190 |   7 | 1063.1 |
               +--------+--------+--------+--------+--------+-----+--------+

Top non-repeatable levels by time:
     D:1: 1481 daAuts
     D:6: 1459 daAuts
     D:5: 1387 daAuts
     D:4: 1205 daAuts
     D:3: 931 daAuts
     D:2: 736 daAuts
     D:7: 241 daAuts
